TOP OF THE 1ST |
---|
Louisville Bats batting - Pitching for Topeka Tornados : RHP Juan Vázquez | Pitching: RHP Juan Vázquez | | Batting: SHB Dave Henley | 0-0: Ball 1-0: Foul Ball, location: 2F 1-1: Ball 2-1: Swinging Strike 2-2: Fly out, F8 (Flyball, 78S) | Batting: RHB Júlio Sánchez | 0-0: Ball 1-0: SINGLE (Line Drive, 6MD) | Batting: LHB Mike Callahan | 0-0: Ball 1-0: Ball 2-0: Ball 3-0: Called Strike 3-1: Foul Ball, location: 2F 3-2: Strikes out swinging | Batting: RHB John Denton | 0-0: Foul Ball, location: 2F 0-1: Ball 1-1: Ball 2-1: Ball 3-1: Foul Ball, location: 2F 3-2: Foul Ball, location: 2F 3-2: SINGLE (Line Drive, 8RS) Júlio Sánchez to second Júlio Sánchez to third | Batting: RHB Juan Costello | 0-0: Foul Ball, location: 2F 0-1: Hit by Pitch John Denton to second | Batting: RHB Juan García | 0-0: Swinging Strike 0-1: Swinging Strike 0-2: Ball 1-2: Strikes out swinging | Top of the 1st over - 0 runs, 2 hits, 0 errors, 3 left on base; Louisville 0 - Topeka 0 | BOTTOM OF THE 1ST |
---|
Topeka Tornados batting - Pitching for Louisville Bats : RHP Jae-hyun Ch'oe | Pitching: RHP Jae-hyun Ch'oe | | Batting: SHB Javier Peña | 0-0: Ball 1-0: Foul Ball, location: 2F 1-1: Called Strike 1-2: Ball 2-2: Strikes out swinging | Batting: LHB Edward Rose | 0-0: Ground out U3 (Groundball, 34) | Batting: LHB Richard Hinkle | 0-0: Called Strike 0-1: Ball 1-1: Ground out 4-3 (Groundball, 4) | Bottom of the 1st over - 0 runs, 0 hits, 0 errors, 0 left on base; Louisville 0 - Topeka 0 | TOP OF THE 2ND |
---|
Louisville Bats batting - Pitching for Topeka Tornados : RHP Juan Vázquez | Batting: LHB John Horton | 0-0: SINGLE (Groundball, 34D) | Batting: RHB Luis Peña | 0-0: Foul Ball, location: 2F 0-1: Ball 1-1: Ground out 6-3 (Groundball, 6S) John Horton to second | Batting: RHB Alberto Soto | 0-0: Ball 1-0: Ball 2-0: Ball 3-0: Base on Balls | Batting: SHB Dave Henley | 0-0: Ball 1-0: Swinging Strike 1-1: Ball 2-1: Ball 3-1: Base on Balls John Horton to third Alberto Soto to second | Batting: RHB Júlio Sánchez | 0-0: Fly out, F3 (Line Drive, 34) | Batting: LHB Mike Callahan | 0-0: Called Strike 0-1: Ball 1-1: Ball 2-1: Ball 3-1: GRAND SLAM HOME RUN (Flyball, 9LD), Distance : 343 ft | Batting: RHB John Denton | 0-0: Ball 1-0: Called Strike 1-1: Foul Ball, location: 2F 1-2: Foul Ball, location: 2F 1-2: Ball 2-2: Foul Ball, location: 2F 2-2: Foul Ball, location: 2F 2-2: Foul Ball, location: 2F 2-2: Foul Ball, location: 2F 2-2: Foul Ball, location: 2F 2-2: Foul Ball, location: 2F 2-2: Foul Ball, location: 2F 2-2: Ball 3-2: Foul Ball, location: 2F 3-2: SINGLE (Groundball, 6MD) | Batting: RHB Juan Costello | 0-0: Ball 1-0: Called Strike 1-1: SINGLE (Line Drive, 6M) John Denton to second | Batting: RHB Juan García | 0-0: Ball 1-0: SINGLE (Groundball, 56D) John Denton to third Juan Costello to second Runner from 3rd tries for Home, SAFE, throw made home | Batting: LHB John Horton | 0-0: Called Strike 0-1: Ball 1-1: Ball Passed Ball! Juan Costello to third Juan García to second 2-1: Foul Ball, location: 2F 2-2: Ground out 6-3 (Groundball, 6M) | Top of the 2nd over - 5 runs, 5 hits, 0 errors, 2 left on base; Louisville 5 - Topeka 0 | BOTTOM OF THE 2ND |
---|
Topeka Tornados batting - Pitching for Louisville Bats : RHP Jae-hyun Ch'oe | Batting: SHB Giancarlo Giannini | 0-0: Ball 1-0: Fly out, F6 (Popup, P) | Batting: RHB Félix Gonzáles | 0-0: Ball 1-0: Ball 2-0: Ball 3-0: Base on Balls | Batting: SHB José Cruz | 0-0: Called Strike 0-1: Called Strike 0-2: Strikes out swinging | Batting: RHB Rusty Bennett | 0-0: Ball 1-0: Swinging Strike 1-1: Ball 2-1: Ball 3-1: Base on Balls Félix Gonzáles to second | Batting: LHB Bill Frazier | 0-0: Ground out 4-3 (Groundball, 4) | Bottom of the 2nd over - 0 runs, 0 hits, 0 errors, 2 left on base; Louisville 5 - Topeka 0 | TOP OF THE 3RD |
---|
Louisville Bats batting - Pitching for Topeka Tornados : RHP Juan Vázquez | Batting: RHB Luis Peña | 0-0: Called Strike 0-1: Swinging Strike 0-2: Ball 1-2: Strikes out swinging | Batting: RHB Alberto Soto | 0-0: Ball 1-0: Ball 2-0: Called Strike 2-1: Ball 3-1: Base on Balls | Batting: SHB Dave Henley | 0-0: Called Strike 0-1: Ball 1-1: Ball 2-1: Ball 3-1: Foul Ball, location: 2F 3-2: Foul Ball, location: 2F 3-2: Base on Balls Alberto Soto to second | Batting: RHB Júlio Sánchez | 0-0: Foul Ball, location: 2F 0-1: Ball 1-1: Swinging Strike 1-2: Foul Ball, location: 2F 1-2: Grounds into double play, 3-6-3 (Groundball, 3) | Top of the 3rd over - 0 runs, 0 hits, 0 errors, 1 left on base; Louisville 5 - Topeka 0 | BOTTOM OF THE 3RD |
---|
Topeka Tornados batting - Pitching for Louisville Bats : RHP Jae-hyun Ch'oe | Batting: RHB James Stevens | 0-0: Called Strike 0-1: Swinging Strike 0-2: Strikes out swinging | Batting: SHB Javier Peña | 0-0: Ball 1-0: Swinging Strike 1-1: Ball 2-1: Foul Ball, location: 2F 2-2: Foul Ball, location: 2F 2-2: Strikes out swinging | Batting: LHB Edward Rose | 0-0: Swinging Strike 0-1: Foul Ball, location: 2F 0-2: SINGLE (Groundball, 34D) | Batting: LHB Richard Hinkle | 0-0: Ball 1-0: Ball 2-0: Ball 3-0: Base on Balls Edward Rose to second | Batting: SHB Giancarlo Giannini | 0-0: Ball 1-0: Ball 2-0: Ball 3-0: Base on Balls Edward Rose to third Richard Hinkle to second | Batting: RHB Félix Gonzáles | 0-0: Fly out, F4 (Line Drive, 4) | Bottom of the 3rd over - 0 runs, 1 hit, 0 errors, 3 left on base; Louisville 5 - Topeka 0 | TOP OF THE 4TH |
---|
Louisville Bats batting - Pitching for Topeka Tornados : RHP Juan Vázquez | Batting: LHB Mike Callahan | 0-0: Called Strike 0-1: SOLO HOME RUN (Flyball, 9LD), Distance : 345 ft | Batting: RHB John Denton | 0-0: Ball 1-0: Called Strike 1-1: Ball 2-1: Ball 3-1: Base on Balls | Pitching: RHP Álex Villegas | | Batting: RHB Juan Costello | 0-0: Ball John Denton steals 2nd base 1-0: Ground out U3 (Groundball, 34) John Denton to third | Batting: RHB Juan García | 0-0: Foul Ball, location: 2F 0-1: DOUBLE (Groundball, 5L) John Denton scores | Batting: LHB John Horton | 0-0: Called Strike 0-1: Foul Ball, location: 2F 0-2: Strikes out looking | Batting: RHB Luis Peña | 0-0: Ball 1-0: Ball 2-0: Ball 3-0: Base on Balls | Batting: RHB Alberto Soto | 0-0: Called Strike 0-1: Ball 1-1: Ball 2-1: Called Strike 2-2: Strikes out swinging | Top of the 4th over - 2 runs, 2 hits, 0 errors, 2 left on base; Louisville 7 - Topeka 0 | BOTTOM OF THE 4TH |
---|
Topeka Tornados batting - Pitching for Louisville Bats : RHP Jae-hyun Ch'oe | Batting: SHB José Cruz | 0-0: Called Strike 0-1: Called Strike 0-2: Foul Ball, location: 2F 0-2: Foul Ball, location: 2F 0-2: Strikes out swinging | Batting: RHB Rusty Bennett | 0-0: DOUBLE (Line Drive, 89XD) | Batting: LHB Bill Frazier | 0-0: Ball 1-0: Swinging Strike 1-1: Swinging Strike 1-2: Strikes out looking | Batting: RHB James Stevens | 0-0: Ball 1-0: Foul Ball, location: 2F 1-1: Ball 2-1: Ball 3-1: Base on Balls | Batting: SHB Javier Peña | 0-0: Called Strike 0-1: Fly out, F7 (Flyball, 7S) | Bottom of the 4th over - 0 runs, 1 hit, 0 errors, 2 left on base; Louisville 7 - Topeka 0 | TOP OF THE 5TH |
---|
Louisville Bats batting - Pitching for Topeka Tornados : RHP Álex Villegas | Batting: SHB Dave Henley | 0-0: Called Strike 0-1: Ball 1-1: Swinging Strike 1-2: Strikes out swinging | Batting: RHB Júlio Sánchez | 0-0: Ball 1-0: Ball 2-0: Ball 3-0: Called Strike 3-1: Foul Ball, location: 2F 3-2: Base on Balls | Batting: LHB Mike Callahan | Pickoff Throw to First - Error! E1 Júlio Sánchez to second 0-0: Swinging Strike 0-1: Ball 1-1: Ball 2-1: Ball 3-1: Base on Balls | Batting: RHB John Denton | 0-0: SINGLE (Line Drive, 89S) Júlio Sánchez to third Mike Callahan to second Runner from 3rd tries for Home, SAFE, no throw | Batting: RHB Juan Costello | 0-0: Called Strike 0-1: Called Strike 0-2: Ball Passed Ball! Mike Callahan to third John Denton to second 1-2: Strikes out swinging | Batting: RHB Juan García | 0-0: Called Strike 0-1: Foul Ball, location: 2F 0-2: Foul Ball, location: 2F 0-2: Ball 1-2: Strikes out swinging | Top of the 5th over - 1 run, 1 hit, 1 error, 2 left on base; Louisville 8 - Topeka 0 | BOTTOM OF THE 5TH |
---|
Topeka Tornados batting - Pitching for Louisville Bats : RHP Jae-hyun Ch'oe | Batting: LHB Edward Rose | 0-0: Fly out, F8 (Flyball, 8LS) | Batting: LHB Richard Hinkle | 0-0: Swinging Strike 0-1: Called Strike 0-2: Ball 1-2: Ball 2-2: Ball 3-2: Strikes out swinging | Batting: SHB Giancarlo Giannini | 0-0: Foul Ball, location: 2F 0-1: Ball 1-1: Foul Ball, location: 2F 1-2: Ball 2-2: Foul Ball, location: 2F 2-2: Ball 3-2: Foul Ball, location: 2F 3-2: Base on Balls | Batting: RHB Félix Gonzáles | 0-0: Swinging Strike 0-1: Ball 1-1: Foul Ball, location: 2F 1-2: Ball 2-2: Ball 3-2: Strikes out swinging | Bottom of the 5th over - 0 runs, 0 hits, 0 errors, 1 left on base; Louisville 8 - Topeka 0 | TOP OF THE 6TH |
---|
Louisville Bats batting - Pitching for Topeka Tornados : RHP Álex Villegas | Batting: LHB John Horton | 0-0: Ball 1-0: Ball 2-0: Foul Ball, location: 2F 2-1: Ball 3-1: Foul Ball, location: 2F 3-2: Foul Ball, location: 2F 3-2: Base on Balls | Batting: RHB Luis Peña | 0-0: Called Strike 0-1: Fielders Choice at 2nd, 6-4 (Groundball, 6D) | Batting: RHB Alberto Soto | 0-0: Ball 1-0: DOUBLE (Flyball, 78D) Luis Peña to third Runner from 3rd tries for Home, SAFE, no throw | Batting: SHB Dave Henley | 0-0: Ball 1-0: Ball 2-0: Ball 3-0: Called Strike 3-1: Base on Balls | Pitching: RHP Jon England | | Batting: RHB Júlio Sánchez | 0-0: Ball 1-0: Fielders Choice at 2nd, 3-6 (Groundball, 34) Alberto Soto to third | Batting: LHB Mike Callahan | 0-0: Ball 1-0: Swinging Strike 1-1: Swinging Strike 1-2: Foul Ball, location: 2F 1-2: Foul Ball, location: 2F 1-2: Strikes out swinging | Top of the 6th over - 1 run, 1 hit, 0 errors, 2 left on base; Louisville 9 - Topeka 0 | BOTTOM OF THE 6TH |
---|
Topeka Tornados batting - Pitching for Louisville Bats : RHP Jae-hyun Ch'oe | Batting: SHB José Cruz | 0-0: Called Strike 0-1: Swinging Strike 0-2: Ball 1-2: Ground out 5-3 (Groundball, 5) | Batting: RHB Rusty Bennett | 0-0: DOUBLE (Line Drive, 9LM) | Batting: LHB Bill Frazier | 0-0: Ball 1-0: Ball 2-0: Ball 3-0: Base on Balls | Batting: RHB James Stevens | 0-0: Called Strike 0-1: DOUBLE (Line Drive, 7LM) Rusty Bennett scores Bill Frazier to third Runner from 3rd tries for Home, SAFE, no throw | Batting: SHB Javier Peña | 0-0: Foul Ball, location: 2F 0-1: Fly out, F8 (Flyball, 8LD) | Batting: LHB Edward Rose | 0-0: Swinging Strike 0-1: Ball 1-1: Called Strike 1-2: DOUBLE (Line Drive, 9LD) James Stevens scores | Batting: LHB Richard Hinkle | 0-0: Ball 1-0: Called Strike 1-1: Foul Ball, location: 2F 1-2: Foul Ball, location: 2F 1-2: Ball 2-2: Fly out, F9 (Flyball, 89XD) | Bottom of the 6th over - 3 runs, 3 hits, 0 errors, 1 left on base; Louisville 9 - Topeka 3 | TOP OF THE 7TH |
---|
Louisville Bats batting - Pitching for Topeka Tornados : RHP Jon England | Batting: RHB John Denton | 0-0: Called Strike 0-1: Ball 1-1: Called Strike 1-2: Ball 2-2: SOLO HOME RUN (Flyball, 7D), Distance : 386 ft | Pitching: RHP Gerald Hood | | Batting: RHB Juan Costello | 0-0: Ball 1-0: Foul Ball, location: 2F 1-1: Ball 2-1: Foul Ball, location: 2F 2-2: Foul Ball, location: 2F 2-2: Ball 3-2: Foul Ball, location: 2F 3-2: Base on Balls | Batting: RHB Juan García | 0-0: Ground out 6-3 (Groundball, 6S) Juan Costello to second | Batting: LHB John Horton | 0-0: Ball Juan Costello steals 3rd base 1-0: Foul Ball, location: 2F 1-1: Foul Ball, location: 2F 1-2: SINGLE (Line Drive, 6) Juan Costello scores | Batting: RHB Luis Peña | 0-0: Fielders Choice at 2nd, 6-4 (Groundball, 6) | Batting: RHB Alberto Soto | 0-0: Foul Ball, location: 2F 0-1: Called Strike 0-2: Strikes out swinging | Top of the 7th over - 2 runs, 2 hits, 0 errors, 1 left on base; Louisville 11 - Topeka 3 | BOTTOM OF THE 7TH |
---|
Topeka Tornados batting - Pitching for Louisville Bats : RHP Jae-hyun Ch'oe | Batting: SHB Giancarlo Giannini | 0-0: Called Strike 0-1: Foul Ball, location: 2F 0-2: Ball 1-2: Strikes out swinging | Batting: RHB Félix Gonzáles | 0-0: Ball 1-0: Called Strike 1-1: Ball 2-1: SOLO HOME RUN (Flyball, 78XD), Distance : 405 ft | Batting: SHB José Cruz | 0-0: Called Strike 0-1: Ball 1-1: Foul Ball, location: 2F 1-2: SINGLE (Line Drive, 7S) | Batting: RHB Rusty Bennett | 0-0: Foul Ball, location: 2F 0-1: Swinging Strike 0-2: Strikes out swinging | Pitching: LHP José Bamuelos | | Batting: LHB Bill Frazier | 0-0: Foul Ball, location: 2F 0-1: Foul Ball, location: 2F 0-2: Ball 1-2: Ball 2-2: Ball 3-2: Foul Ball, location: 2F 3-2: Strikes out swinging | Bottom of the 7th over - 1 run, 2 hits, 0 errors, 1 left on base; Louisville 11 - Topeka 4 | TOP OF THE 8TH |
---|
Louisville Bats batting - Pitching for Topeka Tornados : RHP Gerald Hood | Batting: SHB Dave Henley | 0-0: Ball 1-0: Ball 2-0: Ground out 1-3 (Groundball, 13S) | Batting: RHB Júlio Sánchez | 0-0: Ball 1-0: Ball 2-0: SINGLE (Line Drive, 34D) | Batting: LHB Mike Callahan | 0-0: Ball 1-0: Ball 2-0: Ball 3-0: Base on Balls Júlio Sánchez to second | Batting: RHB John Denton | 0-0: Called Strike 0-1: Ball 1-1: Swinging Strike 1-2: Ball 2-2: Ball 3-2: Base on Balls Júlio Sánchez to third Mike Callahan to second | Batting: RHB Juan Costello | 0-0: Called Strike 0-1: Foul Ball, location: 2F 0-2: Strikes out swinging | Batting: RHB Juan García | 0-0: Called Strike 0-1: Ball 1-1: Ball 2-1: Foul Ball, location: 2F 2-2: Ball 3-2: SINGLE (Flyball, 78S) Júlio Sánchez scores Mike Callahan to third John Denton to second Mike Callahan scores John Denton to third | Batting: LHB John Horton | 0-0: Ball 1-0: Ball 2-0: Foul Ball, location: 2F 2-1: Ground out 5-3 (Groundball, 56S) | Top of the 8th over - 2 runs, 2 hits, 0 errors, 2 left on base; Louisville 13 - Topeka 4 | BOTTOM OF THE 8TH |
---|
Topeka Tornados batting - Pitching for Louisville Bats : LHP José Bamuelos | Batting: RHB James Stevens | 0-0: Called Strike 0-1: Ball 1-1: Called Strike 1-2: Foul Ball, location: 2F 1-2: Ball 2-2: Ball 3-2: Fly out, F9 (Flyball, 9LMF) | Batting: SHB Javier Peña | 0-0: Ground out 4-3 (Groundball, 4D) | Batting: LHB Edward Rose | 0-0: Ground out 5-3 (Groundball, 5) | Bottom of the 8th over - 0 runs, 0 hits, 0 errors, 0 left on base; Louisville 13 - Topeka 4 | TOP OF THE 9TH |
---|
Louisville Bats batting - Pitching for Topeka Tornados : RHP Gerald Hood | Batting: RHB Luis Peña | 0-0: Ball 1-0: Swinging Strike 1-1: Ball 2-1: Foul Ball, location: 2F 2-2: Ball 3-2: Base on Balls | Pitching: RHP Luis Pérez | | Batting: RHB Alberto Soto | 0-0: Ball 1-0: Fly out, F3 (Popup, 3SF) | Batting: SHB Dave Henley | 0-0: Foul Ball, location: 2F 0-1: Ball 1-1: Ball 2-1: Ground out 6-3 (Groundball, 6MD) Luis Peña to second | Batting: RHB Júlio Sánchez | 0-0: Ball 1-0: Ground out 4-3 (Groundball, 4) | Top of the 9th over - 0 runs, 0 hits, 0 errors, 1 left on base; Louisville 13 - Topeka 4 | BOTTOM OF THE 9TH |
---|
Topeka Tornados batting - Pitching for Louisville Bats : LHP José Bamuelos | Batting: LHB Richard Hinkle | 0-0: SINGLE (Flyball, 7LM) | Batting: SHB Giancarlo Giannini | 0-0: Swinging Strike 0-1: Ground out 4-3 (Groundball, 4S) Richard Hinkle to second | Batting: RHB Félix Gonzáles | 0-0: Ball 1-0: Ball 2-0: Called Strike 2-1: Ball 3-1: Called Strike 3-2: Base on Balls | Batting: SHB José Cruz | 0-0: Ball 1-0: Foul Ball, location: 2F 1-1: Ball 2-1: Ball 3-1: Called Strike 3-2: SINGLE (Line Drive, 34D) Richard Hinkle to third Félix Gonzáles to second | Batting: RHB Rusty Bennett | 0-0: Called Strike 0-1: Swinging Strike 0-2: Ball 1-2: Hit by Pitch Richard Hinkle scores Félix Gonzáles to third José Cruz to second | Batting: LHB Bill Frazier | 0-0: Ball 1-0: Fly out, F6 (Popup, 6M) | Batting: RHB James Stevens | 0-0: Called Strike 0-1: Ball 1-1: Ball 2-1: Ball 3-1: Base on Balls Félix Gonzáles scores José Cruz to third Rusty Bennett to second | Pinch Hitting: SHB José López | 0-0: Ball 1-0: Foul Ball, location: 2F 1-1: Ball 2-1: Ball 3-1: Base on Balls José Cruz scores Rusty Bennett to third James Stevens to second | Batting: LHB Edward Rose | 0-0: Ball 1-0: Ball 2-0: Fly out, F8 (Flyball, 8RS) | Bottom of the 9th over - 3 runs, 2 hits, 0 errors, 3 left on base; Louisville 13 - Topeka 7 | |